 Dungeon Crawl Stone Soup version 0.29-a0-340-g6efceafd81 (webtiles) character file.

Game seed: 4304865129720719983

30 Juicyj the Chopper (level 3, -2/33 HPs)
             Began as a Hill Orc Monk on Apr 19, 2022.
             Slain by a worm (5 damage)
             ... on level 2 of the Dungeon.
             The game lasted 00:01:36 (1408 turns).

Juicyj the Chopper (Hill Orc Monk)                  Turns: 1408, Time: 00:01:36

Health: -2/33      AC:  2    Str: 13    XL:     3   Next: 20%
Magic:  3/3        EV: 13    Int: 10    God:
Gold:   34         SH:  0    Dex: 15    Spells: 2/2 levels left

rFire   . . .      SeeInvis .   a - +0 hand axe
rCold   . . .      Faith    .   (no shield)
rNeg    . . .      Spirit   .   b - +0 robe
rPois   .          Reflect  .   (no helmet)
rElec   .          Harm     .   (no cloak)
rCorr   .          Rampage  .   (no gloves)
Will    .....                   (no boots)
Stlth   ++........              (no amulet)
HPRegen 0.11/turn               (no ring)
MPRegen 0.08/turn               (no ring)

@: no status effects
A: no striking features
a: no special abilities


You were on level 2 of the Dungeon.
You visited 1 branch of the dungeon, and saw 2 of its levels.

You collected 34 gold pieces.

Inventory:

Hand Weapons
 a - a +0 hand axe (weapon)
 f - a +2 short sword of electrocution
 h - a +3 dagger
Armour
 b - a +0 robe (worn)
Jewellery
 i - a +4 ring of protection
Scrolls
 g - 3 scrolls of teleportation {unknown}
 j - a scroll of identify {unknown}
 k - a scroll of vulnerability {unknown}
 l - a scroll of amnesia {unknown}
Potions
 c - a potion of ambrosia
 d - a potion of haste {unknown}
 e - a potion of heal wounds {unknown}
 m - a potion of degeneration {unknown}


   Skills:
 + Level 4.1 Fighting
 + Level 4.6 Axes
 + Level 2.8 Dodging
 + Level 1.8 Stealth


You had 2 spell levels left.
You didn't know any spells.
Your spell library was empty.

Dungeon Overview and Level Annotations

Branches:
Dungeon (2/15)

Altars:


Message History

A quokka comes into view.
You see here a blue potion.
m - a blue potion
Found a robe.
The quokka bites you. The quokka attacks as you move away!
The quokka bites you. The quokka closely misses you.
You see here 2 scrolls labelled OBLEYR MEIRURA.
You are too injured to fight recklessly!
You are too injured to fight recklessly!
You are too injured to fight recklessly!
You are too injured to fight recklessly!
You are too injured to fight recklessly!
You hit the quokka.
The quokka is almost dead.
The quokka misses you.
You closely miss the quokka.
The quokka is almost dead.
The quokka bites you.
You barely miss the quokka.
The quokka is almost dead.
The quokka misses you. The quokka bites you.
You hit the quokka.
You kill the quokka!
Things that are here:
2 scrolls labelled OBLEYR MEIRURA; a quokka corpse The worm bites you.
* * * LOW HITPOINT WARNING * * *
You hit the worm but do no damage. The worm misses you.
You barely miss the worm. You hit the worm but do no damage.
The worm bites you.
* * * LOW HITPOINT WARNING * * *
You hit the worm.
The worm is lightly wounded.
The worm misses you.
You hit the worm.
The worm is lightly wounded.
You barely miss the worm.
The worm is lightly wounded.
The worm bites you.
You die...

....#..............
..................#
#.##............#
#..............##
###............#
##...........#####
#................
##.##w##..#...###
#.?.@.........#
#...............
###.............
##...........#
............##
......#.......#
[......#.......#
................


You could see a worm.

Vanquished Creatures
  2 dart slugs (D:1)
  A ball python (D:2)
  4 bats (D:1)
  2 endoplasms (D:1)
  A giant cockroach (D:1)
  4 goblins
  A hobgoblin (D:1)
  2 jackals (D:2)
  A quokka (D:2)
  3 kobolds (D:1)
  2 rats (D:1)
23 creatures vanquished.

Notes
Turn   | Place    | Note
-------+----------+-------------------------------------------
     0 | D:1      | Juicyj the Hill Orc Monk began the quest for the Orb.
     0 | D:1      | Reached XP level 1. HP: 19/19 MP: 1/1
    83 | D:1      | Reached XP level 2. HP: 6/27 MP: 2/2
  1098 | D:1      | Reached XP level 3. HP: 26/33 MP: 3/3
  1408 | D:2      | Slain by a worm

Illustrated notes

Levels and vault maps discovered:
D:1:      lemuel_arrival_broad_hall, layout_basic, patterned_corridor
D:2:      layout_rooms, serial_shops, nicolae_lakefront_shop, uniq_terence

Skill      XL: |  1  2 |
---------------+-------+-----
Fighting       | 4 |  4.1
Axes           | |  4.6
Dodging        | |  2.8
Stealth        | |  1.8

Action                   || total
-------------------------++-------
Melee: Hand axe          ||    89
       Punch             ||     1
 Stab: Sleeping          ||     4
Armor: Robe              ||    21
Dodge: Dodged            ||    65

Table legend: (Time is in decaauts)
 A = Elapsed time spent in this place.
 B = Non-inter-level travel time spent in this place.
 C = Inter-level travel time spent in this place.
 D = Time resting spent in this place.
 E = Time spent auto-exploring this place.
 F = Levels seen in this place.
 G = Mean time per level.
                   A        B        C        D        E       F      G
               +--------+--------+--------+--------+--------+-----+--------+
         Total |   1414 |   1404 |     10 |      0 |   1178 |   2 |  707.0 |
       Dungeon |   1414 |   1404 |     10 |      0 |   1178 |   2 |  707.0 |
               +--------+--------+--------+--------+--------+-----+--------+

Top non-repeatable levels by time:
     D:1: 1329 daAuts
     D:2: 85 daAuts
